 Dungeon Crawl Stone Soup version 0.26-a0-812-g31a745ddcd (webtiles) character file.

Game seed: 15817168218847728345

19984 1994 the Basher (level 12, 0/130 HPs)
             Began as an Ogre Brigand on Nov 14, 2020.
             Was a Priest of Uskayaw.
             Slain by a four-headed hydra (3 damage)
             ... on level 12 of the Dungeon.
             The game lasted 00:43:20 (22135 turns).

1994 the Basher (Ogre Brigand)                     Turns: 22135, Time: 00:43:21

Health: 0/130      AC: 12    Str: 20    XL:     12   Next: 74%
Magic:  20/20      EV:  7    Int: 12    God:    Uskayaw [***...]
Gold:   1024       SH:  0    Dex: 12    Spells: 11/11 levels left

rFire    . . .     SeeInvis .   a - +4 giant spiked club
rCold    + . .     Faith    +   (shield currently unavailable)
rNeg     . . .     Spirit   .   E - +0 ice dragon scales
rPois    .         Reflect  .   (helmet restricted)
rElec    .         Harm     .   c - +1 cloak
rCorr    +         Rampage  .   (gloves unavailable)
MR       +....                  (boots unavailable)
Stlth    ..........             x - amulet of faith
HPRegen  0.31/turn              L - ring of fire
MPRegen  0.17/turn              z - ring of resist corrosion

@: no status effects
A: large, unfitting armour, tough skin 1
a: Stomp, Line Pass, Renounce Religion


You were on level 12 of the Dungeon.
You worshipped Uskayaw.
Uskayaw was aware of your devotion.
You visited 2 branches of the dungeon, and saw 13 of its levels.
You also visited: Ice Cave.

You collected 1362 gold pieces.
You spent 338 gold pieces at shops.

Inventory:

Hand Weapons
 a - a +4 giant spiked club (weapon)
 b - a +0 morningstar of flaming
 n - a +0 giant club
 R - a +2 short sword of venom
Missiles
 d - 72 poisoned darts
 e - 2 curare-tipped darts
 i - 297 stones
 s - 2 throwing nets
 D - 4 large rocks (quivered)
 K - 2 javelins
 M - 12 boomerangs
Armour
 c - a +1 cloak (worn)
 E - +0 ice dragon scales (worn)
 Q - +0 swamp dragon scales
Jewellery
 f - an uncursed ring of see invisible
 x - an amulet of faith (around neck)
 z - a ring of resist corrosion (right hand)
 G - the amulet of Ybreiw {Spirit *Slow rElec rF+++ Int+3}
   (You found it in an ice cave)

   [amulet of guardian spirit]

   It causes incoming damage to be split between your health and magic.
   It affects your intelligence (+3).
   It renders you almost immune to fire.
   It insulates you from electricity.
   It may slow you when you take damage.
 L - a ring of fire (left hand)
 O - an uncursed ring of fire
Wands
 q - a wand of digging (8)
 t - a wand of flame (36)
 J - a wand of paralysis (13)
 N - a wand of iceblast (16)
Scrolls
 g - 7 scrolls of remove curse
 l - a scroll of fog {unknown}
 p - 2 scrolls of fear
 v - 5 scrolls of teleportation
 w - a scroll of holy word {unknown}
 y - 2 scrolls of blinking
 A - a scroll of immolation
 C - 3 scrolls of magic mapping
Potions
 h - a potion of heal wounds
 j - 2 potions of flight
 k - 6 potions of curing
 m - a potion of invisibility
 o - 2 potions of magic
 r - a potion of might
 u - 2 potions of attraction
 B - 2 potions of lignification
 F - 2 potions of berserk rage
 H - a potion of resistance
 I - a potion of haste


   Skills:
 + Level 11.4 Fighting
 - Level 1.7 Short Blades
 * Level 13.1 Maces & Flails
 - Level 6.1 Throwing
 + Level 1.7 Dodging
 - Level 2.9 Stealth
 + Level 11.0 Invocations


You had 11 spell levels left.
You didn't know any spells.
Your spell library contained the following spells:

 Spells                   Type           Power        Failure   Level
 Foxfire                  Conj/Fire      #...         77%         1
 Shock                    Conj/Air       #...         77%         1
 Swiftness                Air            #.......     88%         2
 Conjure Flame            Conj/Fire      #.......     98%         3
 Inner Flame              Hex/Fire       #.......     98%         3
 Static Discharge         Conj/Air       #.......     98%         3
 Airstrike                Air            #.........   100%        4
 Sticky Flame             Conj/Fire      #.......     100%        4
 Fireball                 Conj/Fire      #.........   100%        5
 Lightning Bolt           Conj/Air       #.........   100%        5


Dungeon Overview and Level Annotations

Branches:
Dungeon (12/15)            Temple (1/1) D:5            Lair (0/6) D:8
    Orc (0/2) D:9           IceCv (visited)

Altars:
Ashenzari
Cheibriados
Dithmenos
Elyvilon
Fedhas
Gozag
Hepliaklqana
Kikubaaqudgha
Makhleb
Nemelex Xobeh
Okawaru
Qazlal
Ru
Sif Muna
Trog
Uskayaw
Vehumet
Wu Jian
Xom
Yredelemnul
Zin
The Shining One

Shops:
D:10 *   D:11 =*}   D:12 *


Innate Abilities, Weirdness & Mutations

You are too large for most types of armour.
You have tough skin. (AC +1)


Message History

The four-headed hydra bites you.
* * * LOW HITPOINT WARNING * * *
The four-headed hydra bites you!
* * * LOW HITPOINT WARNING * * *
Uskayaw will force your foes to helplessly watch your dance.
Uskayaw prepares the audience for your solo!
Unknown command.
Unknown command.
The helpless four-headed hydra fails to defend itself.
You hit the four-headed hydra.
The four-headed hydra is almost dead.
Unknown command.
Unknown command.
The helpless four-headed hydra fails to defend itself.
You hit the four-headed hydra.
The four-headed hydra is almost dead.
The four-headed hydra is no longer paralysed.
The four-headed hydra bites you but does no damage. x2
The four-headed hydra bites you.
You die...

#.####.#.# ##...###
##.#.# ##.....##
#....# ##.......#
#.###....####.........
#...........Z.........
#####....####.........
#.#.## ##.......#
#.### ##.....## #@#
##...## #D# ##'## #.#
#. #.# .. #.# #.# #..
###


You could see a four-headed hydra.

Vanquished Creatures
  2 ice dragons (IceCv)
  3 two-headed ogres
  2 unseen horrors (D:10)
  A necromancer (D:9)
  2 ice statues (IceCv)
  A centaur zombie (D:12)
  2 gargoyles
  Maggie (D:8)
  2 rime drakes (IceCv)
  2 ice devils (D:12)
  A troll (D:11)
  Prince Ribbit (D:7)
  A shadow (D:11)
  4 wyverns
  14 yaks
  Eustachio (D:5)
  A steam dragon (D:12)
  2 basilisks
  A warg (D:9)
  Duvessa (D:5)
  9 orc warriors
  17 ice beasts
  4 water moccasins (D:8)
  3 black bears
  3 sky beasts
  A necrophage (D:10)
  5 ogres
  2 phantoms
  2 eyes of draining
  5 centaurs
  A big kobold (D:12)
  A gnoll sergeant (D:9)
  4 bullfrogs
  Dowan (D:5)
  A wyvern zombie (D:12)
  A wyvern skeleton (D:7)
  3 scorpions
  10 killer bees
  9 wights
  A howler monkey (D:6)
  9 hounds
  4 orc priests
  2 centaur skeletons
  4 jellies
  2 bullfrog skeletons
  11 orc wizards
  5 iguanas
  Natasha (thrice) (D:2 D:1)
  3 polar bear simulacra (D:9)
  12 worker ants
  3 yak simulacra (D:9)
  3 wolf simulacra (D:9)
  A killer bee zombie (D:8)
  A hound skeleton (D:4)
  A worker ant zombie (D:4)
  Robin (D:4)
  10 gnolls
  13 adders
  4 white imps
  An adder skeleton (D:4)
  3 adder zombies
  5 worms
  7 leopard geckos
  42 orcs
  A ball python (D:4)
  6 bats
  3 giant cockroaches
  21 goblins
  12 hobgoblins
  11 jackals
  14 kobolds
  8 quokkas
  3 frilled lizards
  8 rats
  2 river rat simulacra (D:9)
367 creatures vanquished.

Vanquished Creatures (others)
  An orc (D:8)
  A jackal (D:8)
  2 bushes (D:8)
  5 fungi (D:8)
  32 plants
41 creatures vanquished.

Grand Total: 408 creatures vanquished

Notes
Turn   | Place    | Note
-------+----------+-------------------------------------------
     0 | D:1      | 1994 the Ogre Brigand began the quest for the Orb.
     0 | D:1      | Reached XP level 1. HP: 22/22 MP: 1/1
    41 | D:1      | Reached skill level 1 in Dodging
   289 | D:1      | Reached XP level 2. HP: 28/31 MP: 2/2
   497 | D:1      | You fall into a shaft and drop 1 floor!
   498 | D:2      | Noticed Natasha
   501 | D:2      | Killed Natasha
   501 | D:2      | Reached XP level 3. HP: 39/39 MP: 3/3
   993 | D:1      | Reached XP level 4. HP: 23/48 MP: 4/4
  1460 | D:2      | Noticed Natasha
  1470 | D:2      | Killed Natasha
  1901 | D:2      | Noticed Natasha
  1929 | D:1      | Reached skill level 1 in Maces & Flails
  1929 | D:1      | Reached XP level 5. HP: 53/55 MP: 5/5
  2055 | D:1      | Killed Natasha
  2533 | D:2      | Reached skill level 2 in Maces & Flails
  3065 | D:3      | Found a glowing silver altar of Zin.
  3756 | D:3      | Reached skill level 3 in Maces & Flails
  3996 | D:3      | Reached XP level 6. HP: 58/63 MP: 6/6
  5053 | D:4      | Noticed Robin
  5091 | D:4      | Reached skill level 4 in Maces & Flails
  5316 | D:4      | Killed Robin
  5565 | D:4      | Reached XP level 7. HP: 69/71 MP: 7/7
  5641 | D:4      | Reached skill level 5 in Maces & Flails
  5816 | D:4      | Found a sacrificial altar of Ru.
  5946 | D:4      | Reached skill level 5 in Fighting
  6421 | D:5      | Entered Level 5 of the Dungeon
  6885 | D:5      | Noticed Duvessa
  6887 | D:5      | Noticed Eustachio
  6890 | D:5      | Noticed Dowan
  6943 | D:5      | Killed Duvessa
  6943 | D:5      | Reached XP level 8. HP: 71/83 MP: 8/8
  7002 | D:5      | Killed Dowan
  7002 | D:5      | Reached skill level 6 in Maces & Flails
  7018 | D:5      | Found a shimmering altar of Xom.
  7093 | D:5      | Found a staircase to the Ecumenical Temple.
  7113 | Temple   | Entered the Ecumenical Temple
  7831 | D:5      | Found a staircase to the Ecumenical Temple.
  7915 | D:5      | Killed Eustachio
  8094 | D:6      | Reached skill level 5 in Throwing
  8102 | D:6      | Found a sparkling altar of Nemelex Xobeh.
  8104 | D:6      | Found a burning altar of Makhleb.
  8175 | D:6      | Found a basalt altar of Yredelemnul.
  8175 | D:6      | Found a shadowy altar of Dithmenos.
  8177 | D:6      | Found a hide-covered altar of Uskayaw.
  8189 | D:6      | Became a worshipper of Uskayaw the Reveller
  8222 | D:6      | Reached * piety under Uskayaw
  8229 | D:6      | Reached skill level 1 in Invocations
  8229 | D:6      | Reached ** piety under Uskayaw
  8235 | D:6      | Reached *** piety under Uskayaw
  8296 | D:6      | Found a bloodstained altar of Trog.
  8333 | D:6      | Reached skill level 7 in Maces & Flails
  8335 | D:6      | Reached **** piety under Uskayaw
  8601 | D:6      | Reached XP level 9. HP: 68/93 MP: 10/10
  9828 | D:7      | Noticed Prince Ribbit
  9852 | D:7      | Killed Prince Ribbit
 11354 | D:8      | Noticed Maggie
 11376 | D:8      | Killed Maggie
 11376 | D:8      | Reached skill level 8 in Maces & Flails
 11376 | D:8      | Reached skill level 5 in Invocations
 11802 | D:8      | Reached XP level 10. HP: 95/106 MP: 14/14
 11818 | D:8      | Reached ***** piety under Uskayaw
 11836 | D:8      | Reached ****** piety under Uskayaw
 12355 | D:8      | Reached skill level 9 in Maces & Flails
 12962 | D:8      | Found a staircase to the Lair.
 13457 | D:8      | Noticed a gargoyle
 13464 | D:8      | Killed a gargoyle
 14082 | D:9      | Noticed a two-headed ogre
 14101 | D:9      | Killed a two-headed ogre
 14101 | D:9      | Reached skill level 10 in Fighting
 14101 | D:9      | Reached skill level 10 in Maces & Flails
 14101 | D:9      | Reached XP level 11. HP: 34/117 MP: 8/17
 14619 | D:9      | Noticed a two-headed ogre
 14631 | D:9      | Killed a two-headed ogre
 14782 | D:9      | Found a staircase to the Orcish Mines.
 14829 | D:9      | HP: 5/119 [warg (13)]
 15451 | D:9      | Noticed a necromancer
 15463 | D:9      | Killed a necromancer
 16024 | D:10     | Entered Level 10 of the Dungeon
 16024 | D:10     | Found Taacvut's General Store.
 16030 | D:10     | Bought a scroll of teleportation for 42 gold pieces
 16030 | D:10     | Bought a scroll of teleportation for 42 gold pieces
 16030 | D:10     | Bought a potion of might for 56 gold pieces
 16436 | D:10     | Reached skill level 11 in Maces & Flails
 16776 | D:10     | Noticed an unseen horror
 16794 | D:10     | Killed an unseen horror
 17190 | D:10     | Noticed an unseen horror
 17214 | D:10     | Killed an unseen horror
 17486 | D:10     | Noticed a two-headed ogre
 17509 | D:10     | Killed a two-headed ogre
 17997 | D:11     | Reached XP level 12. HP: 125/128 MP: 19/19
 17998 | D:11     | Reached skill level 10 in Invocations
 17998 | D:11     | Reached skill level 12 in Maces & Flails
 18054 | D:11     | Found Julico Ripp's Jewellery Boutique.
 18665 | D:11     | Found Aziedum's Gadget Emporium.
 18684 | D:11     | Bought a wand of paralysis (4) for 72 gold pieces
 18918 | D:11     | Found a shimmering blue altar of Sif Muna.
 19121 | D:11     | Found Yxakad's Assorted Antiques.
 19129 | D:11     | Bought a scroll labelled HOSURO IHEA for 21 gold pieces
 19129 | D:11     | Bought 2 scrolls labelled SUIRPH HONOYCI for 42 gold pieces
 19129 | D:11     | Bought a wand of paralysis (9) for 42 gold pieces
 19129 | D:11     | Bought a wand of flame (13) for 21 gold pieces
 19313 | D:12     | Found a frozen archway.
 19461 | IceCv    | Entered an ice cave
 20490 | IceCv    | Noticed an ice dragon
 20520 | IceCv    | Killed an ice dragon
 20942 | IceCv    | Noticed an ice dragon
 20959 | IceCv    | Killed an ice dragon
 20959 | IceCv    | Reached skill level 13 in Maces & Flails
 21009 | IceCv    | Got a twitching pewter amulet
 21080 | IceCv    | Identified the amulet of Ybreiw {Spirit *Slow rElec rF+++
                  | Int+3} (You found it in an ice cave)
 21641 | D:12     | Found Faidu's Island Escapes.
 22123 | D:12     | Noticed a four-headed hydra
 22133 | D:12     | HP: 2/130 [four-headed hydra (10)]
 22135 | D:12     | Slain by a four-headed hydra

Illustrated notes

Levels and vault maps discovered:
D:1:      eino_arrival_cavern_a, layout_basic
D:2:      layout_loops_ring, minmay_goblin_kobold_house, uniq_natasha
D:3:      layout_loops_ring, zin_academy, grunt_ministairs_14
D:4:      layout_basic, nicolae_overflow_crystal_walls, palyth_stone_intersect,
          uniq_robin
D:5:      layout_loops_ring, minmay_temple_entry_stoned_glass, basic_altar,
          minmay_misc_feat_columns, serial_bayou_lagoon_b, uniq_eustachio,
          uniq_duvessa
D:6:      layout_basic, nicolae_overflow_hidden_temple, trog_ov_bears_minmay
D:7:      layout_gridville, uniq_prince_ribbit1
D:8:      layout_basic, minmay_lair_entry_grove, kennysheep_another_room,
          uniq_maggie
D:9:      layout_cave_pools, david_orc_1_choice, amethyst_killhole,
          eino_house_with_fridge
D:10:     layout_long_grid, serial_shops, shop, chequers_serial_rivers_room_b
D:11:     layout_irregular_city, serial_shops, nicolae_shop_waterfront, shop,
          nicolae_shop_stone, tgw_sif
D:12:     layout_loops_corners, portal_ice_cave_demonic_guard, moated_statue,
          nicolae_island_escapes
Temple:   regret_index_temple_generic_petals

Skill      XL: |  1  2  3  4  5  6  7  8  9 10 11 12 |
---------------+-------------------------------------+-----
Dodging        | 1 |  1.7
Fighting       | 3 4 5 7 8 10 11 | 11.4
Throwing       | 3 4 5 6 |  6.1
Maces & Flails | 1 3 4 5 7 8 10 11 13 | 13.1
Invocations    | 2 5 8 9 11 | 11.0
Short Blades   | |  1.7
Stealth        | |  2.9

Action                   |  1- 3 |  4- 6 |  7- 9 | 10-12 || total
-------------------------+-------+-------+-------+-------++-------
Melee: Dagger            |    72 |   390 |   103 |       ||   565
       Flail             |       |       |   281 |   669 ||   950
       Giant club        |       |       |     9 |     5 ||    14
       Giant spiked club |       |       |       |   100 ||   100
       Morningstar       |       |       |       |    59 ||    59
       Short sword       |       |       |       |    19 ||    19
Throw: Dart              |     5 |    22 |    21 |    13 ||    61
       Stone             |       |       |     7 |    34 ||    41
       Boomerang         |       |       |       |     7 ||     7
       Large rock        |       |       |       |     4 ||     4
Invok: Stomp             |       |       |       |    20 ||    20
       Line Pass         |       |       |       |     7 ||     7
Evoke: Wand              |       |       |     1 |       ||     1
  Use: Scroll            |       |     8 |     6 |    16 ||    30
       Potion            |       |       |       |     4 ||     4
 Stab: Sleeping          |     6 |     3 |     3 |       ||    12
       Paralysed         |       |       |     7 |    40 ||    47
       Confused          |       |       |       |     3 ||     3
Armor: Robe              |    20 |   105 |   113 |       ||   238
       Swamp dragon scal |       |       |    12 |   378 ||   390
       Ice dragon scales |       |       |       |    42 ||    42
Dodge: Dodged            |    33 |   190 |   202 |   344 ||   769
Block: Other             |       |    22 |    75 |       ||    97
       Reflection        |       |       |     3 |       ||     3

Table legend: (Time is in decaauts)
 A = Elapsed time spent in this place.
 B = Non-inter-level travel time spent in this place.
 C = Inter-level travel time spent in this place.
 D = Time resting spent in this place.
 E = Time spent auto-exploring this place.
 F = Levels seen in this place.
 G = Mean time per level.
                   A        B        C        D        E       F      G
               +--------+--------+--------+--------+--------+-----+--------+
         Total |  22082 |  21252 |    830 |   9167 |   7334 |  14 | 1577.3 |
       Dungeon |  20042 |  19236 |    806 |   7883 |   7077 |  12 | 1670.2 |
        Temple |    225 |    201 |     24 |      0 |    200 |   1 |  225.0 |
      Ice Cave |   1814 |   1814 |      0 |   1284 |     57 |   1 | 1814.0 |
               +--------+--------+--------+--------+--------+-----+--------+

Top non-repeatable levels by time:
     D:8: 2263 daAuts
     D:3: 2194 daAuts
     D:9: 1993 daAuts
    D:10: 1955 daAuts
     D:7: 1916 daAuts
     D:6: 1852 daAuts
   IceCv: 1814 daAuts
     D:1: 1639 daAuts
     D:2: 1349 daAuts
    D:11: 1316 daAuts
     D:4: 1301 daAuts
     D:5: 1252 daAuts
    D:12: 1007 daAuts
  Temple: 225 daAuts
